[ AOE2 MATCH · #458012002 ]
Team RMMapuche vs Sicilians
[ REPLAY ANALYSIS · EXTRACTED FROM THE RECORDED GAME ]
Feudal
9:52
Castle
21:21
Imperial
—
| APM avg | 30.3 |
| APM peak | 67 |
| eAPM avg | 12.5 |
| Villagers / military | 47 / 27 |
Focus
⚔️ 20.4% · 🌾 79.6%
Spearman ×14 · Petard ×8 · Bolas Rider ×3 · Battering Ram ×2 · Unknown (2550) ×2
Feudal
—
Castle
—
Imperial
—
| APM avg | 20.9 |
| APM peak | 46 |
| eAPM avg | 10.7 |
| Villagers / military | 42 / 36 |
Focus
⚔️ 31.2% · 🌾 68.8%
Spearman ×20 · Serjeant ×14 · Scout Cavalry ×2
Feudal
11:47
Castle
21:33
Imperial
—
| APM avg | 16.3 |
| APM peak | 38 |
| eAPM avg | 10.5 |
| Villagers / military | 40 / 26 |
Focus
⚔️ 17.8% · 🌾 82.2%
Knight ×12 · Spearman ×12 · Battering Ram ×2
Feudal
12:39
Castle
—
Imperial
—
| APM avg | 25.9 |
| APM peak | 42 |
| eAPM avg | 13.7 |
| Villagers / military | 43 / 12 |
Focus
⚔️ 11.9% · 🌾 88.1%
Militia ×10 · Spearman ×2
Match map
Initial resources + every placement click. Lines = walls · curves = elevation contours. ◆ gold · ⬟ stone · ● berries · ✦ relic · ◌ wall gap
Your base· Open — unwalled flank
vieiliguane's base· Open — unwalled flank
Nicoco's base· Open — unwalled flank
Kurodo!'s base· Open — unwalled flank
Smoothed initial terrain · ◌ = detected wall gap · hover for details
Inputs per minute
— Tony Caluga - - vieiliguane
Build order — Tony Caluga
125 actions detected in the replay
| 0:01 | Build | House |
| 0:02 | Build | House |
| 0:04 | Build | House |
| 0:05 | Create | Villager (Male) |
| 0:27 | Create | Villager (Male) |
| 0:43 | Create | Villager (Male) |
| 0:58 | Create | Villager (Male) |
| 1:46 | Create | Villager (Male) |
| 2:14 | Create | Villager (Male) |
| 2:34 | Create | Villager (Male) |
| 3:01 | Create | Villager (Male) |
| 3:42 | Create | Villager (Male) |
| 3:43 | Create | Villager (Male) |
| 4:06 | Create | Villager (Male) |
| 4:57 | Create | Villager (Male) |
| 5:02 | Build | Settlement |
| 5:10 | Create | Villager (Male) |
| 5:31 | Build | House |
| 5:33 | Build | House |
| 5:38 | Create | Villager (Male) |
| 6:24 | Create | Villager (Male) |
| 6:49 | Create | Villager (Male) |
| 7:17 | Create | Villager (Male) |
| 7:38 | Create | Villager (Male) |
| 7:40 | Research | Feudal Age |
| 8:49 | Create | Villager (Male) |
| 9:17 | Create | Villager (Male) |
| 9:52 | Age | Feudal Age |
| 10:00 | Research | Horse Collar |
| 10:01 | Research | Double-Bit Axe |
| 10:04 | Create | Villager (Male) |
| 10:28 | Build | Settlement |
| 10:38 | Create | Villager (Male) |
| 11:06 | Create | Villager (Male) |
| 12:00 | Create | Villager (Male) |
| 12:12 | Build | Farm |
| 12:18 | Create | Villager (Male) |
| 12:47 | Build | Settlement |
| 12:50 | Build | Farm |
| 12:53 | Build | Farm |
| 12:53 | Create | Villager (Male) |
| 13:37 | Create | Villager (Male) |
| 13:38 | Build | Farm |
| 13:39 | Create | Villager (Male) |
| 14:11 | Build | Farm |
| 14:11 | Create | Villager (Male) |
| 14:36 | Build | Farm |
| 14:37 | Create | Villager (Male) |
| 14:58 | Build | Farm |
| 14:58 | Create | Villager (Male) |
| 15:08 | Build | Barracks |
| 15:09 | Build | Barracks |
| 15:16 | Create | Villager (Male) |
| 15:19 | Build | Farm |
| 15:32 | Build | Settlement |
| 15:51 | Build | Farm |
| 15:54 | Create | Villager (Male) |
| 16:14 | Build | Blacksmith |
| 16:15 | Build | Market |
| 16:18 | Create | Villager (Male) |
| 16:50 | Research | Loom |
| 16:51 | Create | Villager (Male) |
| 17:25 | Create | Villager (Male) |
| 17:30 | Create | Villager (Male) |
| 17:38 | Research | Tech 1402 |
| 17:55 | Create | Villager (Male) |
| 18:41 | Research | Castle Age |
| 18:47 | Build | Archery Range |
| 18:49 | Build | Archery Range |
| 18:54 | Research | Forging |
| 18:54 | Research | Scale Mail Armor |
| 18:58 | Create | Spearman |
| 18:58 | Create | Spearman |
| 18:58 | Create | Spearman |
| 18:59 | Create | Spearman |
| 18:59 | Create | Spearman |
| 18:59 | Create | Spearman |
| 18:59 | Create | Spearman |
| 19:00 | Create | Spearman |
| 19:19 | Build | Watch Tower |
| 19:39 | Build | Settlement |
| 20:09 | Research | Gold Mining |
| 20:32 | Research | Stone Mining |
| 20:47 | Build | House |
| 20:53 | Create | Villager (Male) |
| 21:00 | Create | Villager (Male) |
| 21:11 | Build | Farm |
| 21:15 | Build | Farm |
| 21:21 | Build | Farm |
| 21:21 | Age | Castle Age |
| 21:25 | Research | Bow Saw |
| 21:50 | Create | Villager (Male) |
| 21:55 | Research | Heavy Plow |
| 21:57 | Research | Heavy Plow |
| 22:06 | Build | Siege Workshop |
| 22:34 | Build | Archery Range |
| 22:44 | Create | Bolas Rider |
| 22:45 | Create | Bolas Rider |
| 22:47 | Create | Bolas Rider |
| 22:54 | Create | Villager (Male) |
| 23:18 | Build | Town Center |
| 23:21 | Create | Villager (Male) |
| 23:25 | Create | Villager (Male) |
| 23:32 | Create | Battering Ram |
| 23:43 | Create | Unit 2550 |
| 23:43 | Create | Unit 2550 |
| 23:45 | Create | Spearman |
| 23:45 | Create | Spearman |
| 23:46 | Create | Spearman |
| 23:46 | Create | Spearman |
| 23:46 | Create | Spearman |
| 23:47 | Create | Spearman |
| 24:02 | Build | Settlement |
| 24:41 | Create | Petard |
| 24:41 | Create | Petard |
| 24:41 | Create | Petard |
| 24:41 | Create | Petard |
| 24:42 | Create | Petard |
| 24:42 | Create | Petard |
| 24:42 | Create | Petard |
| 24:42 | Create | Petard |
| 25:35 | Create | Battering Ram |
| 25:39 | Create | Villager (Male) |
| 25:39 | Create | Villager (Male) |
| 25:40 | Create | Villager (Male) |
Build order — vieiliguane
133 actions detected in the replay
| 0:01 | Create | Villager (Male) |
| 0:02 | Create | Villager (Male) |
| 0:02 | Create | Villager (Male) |
| 0:02 | Create | Villager (Male) |
| 0:02 | Create | Villager (Male) |
| 0:02 | Create | Villager (Male) |
| 0:06 | Build | House |
| 0:08 | Build | House |
| 1:40 | Create | Villager (Male) |
| 2:30 | Create | Villager (Male) |
| 2:31 | Create | Villager (Male) |
| 2:52 | Create | Villager (Male) |
| 3:18 | Create | Villager (Male) |
| 3:19 | Create | Villager (Male) |
| 3:42 | Build | Mill |
| 3:53 | Create | Villager (Male) |
| 3:55 | Research | Loom |
| 4:14 | Create | Villager (Male) |
| 4:20 | Build | House |
| 4:21 | Build | House |
| 4:58 | Create | Villager (Male) |
| 4:59 | Create | Villager (Male) |
| 5:11 | Create | Villager (Male) |
| 5:35 | Create | Villager (Male) |
| 5:42 | Build | Mining Camp |
| 5:56 | Create | Villager (Male) |
| 6:58 | Create | Villager (Male) |
| 7:08 | Create | Villager (Male) |
| 7:40 | Create | Villager (Male) |
| 8:01 | Build | Lumber Camp |
| 8:24 | Build | Mining Camp |
| 8:35 | Build | Farm |
| 8:38 | Build | House |
| 8:39 | Build | House |
| 8:47 | Create | Villager (Male) |
| 8:50 | Build | Farm |
| 9:50 | Build | Farm |
| 9:51 | Build | Farm |
| 9:54 | Create | Villager (Male) |
| 10:01 | Build | Farm |
| 10:53 | Build | Farm |
| 11:06 | Research | Feudal Age |
| 11:36 | Create | Villager (Male) |
| 11:53 | Build | Farm |
| 11:55 | Build | Farm |
| 12:37 | Build | Donjon |
| 13:18 | Research | Wheelbarrow |
| 13:20 | Research | Double-Bit Axe |
| 13:23 | Research | Horse Collar |
| 13:26 | Research | Stone Mining |
| 13:37 | Build | Donjon |
| 13:41 | Create | Serjeant |
| 13:42 | Create | Serjeant |
| 13:42 | Create | Serjeant |
| 14:08 | Create | Serjeant |
| 14:27 | Create | Serjeant |
| 14:28 | Create | Serjeant |
| 14:34 | Build | Donjon |
| 15:04 | Build | Donjon |
| 15:12 | Create | Serjeant |
| 15:13 | Create | Serjeant |
| 15:48 | Create | Villager (Male) |
| 15:49 | Research | Town Watch |
| 15:49 | Create | Villager (Male) |
| 16:27 | Build | Mining Camp |
| 16:33 | Create | Villager (Male) |
| 16:34 | Create | Villager (Male) |
| 16:43 | Build | House |
| 16:44 | Build | House |
| 16:45 | Build | House |
| 16:46 | Build | House |
| 18:14 | Build | Donjon |
| 18:23 | Create | Villager (Male) |
| 18:23 | Create | Villager (Male) |
| 18:23 | Create | Villager (Male) |
| 18:24 | Create | Villager (Male) |
| 18:37 | Create | Serjeant |
| 18:38 | Create | Serjeant |
| 18:38 | Create | Serjeant |
| 19:21 | Build | Barracks |
| 19:34 | Build | Donjon |
| 19:44 | Create | Serjeant |
| 19:44 | Create | Serjeant |
| 19:54 | Build | Blacksmith |
| 20:00 | Build | Market |
| 20:04 | Create | Villager (Male) |
| 20:04 | Create | Villager (Male) |
| 20:05 | Create | Villager (Male) |
| 21:01 | Build | Donjon |
| 21:07 | Create | Serjeant |
| 21:12 | Research | Scale Mail Armor |
| 21:12 | Research | Forging |
| 21:19 | Build | Farm |
| 21:19 | Build | Farm |
| 21:23 | Build | Farm |
| 21:24 | Build | Farm |
| 21:24 | Build | Farm |
| 21:35 | Build | Stable |
| 21:47 | Build | Farm |
| 21:53 | Build | Mill |
| 22:02 | Build | Donjon |
| 23:07 | Build | Donjon |
| 23:23 | Build | Farm |
| 23:26 | Create | Villager (Male) |
| 23:26 | Create | Villager (Male) |
| 23:26 | Create | Villager (Male) |
| 23:34 | Build | Mill |
| 24:05 | Create | Scout Cavalry |
| 24:05 | Create | Scout Cavalry |
| 24:21 | Build | Mining Camp |
| 24:27 | Create | Spearman |
| 24:27 | Create | Spearman |
| 24:28 | Create | Spearman |
| 24:28 | Create | Spearman |
| 24:28 | Create | Spearman |
| 24:29 | Create | Spearman |
| 24:29 | Create | Spearman |
| 24:35 | Create | Spearman |
| 24:36 | Create | Spearman |
| 24:36 | Create | Spearman |
| 24:36 | Create | Spearman |
| 24:51 | Create | Villager (Male) |
| 24:51 | Create | Villager (Male) |
| 24:51 | Create | Villager (Male) |
| 25:34 | Create | Spearman |
| 25:34 | Create | Spearman |
| 25:34 | Create | Spearman |
| 25:34 | Create | Spearman |
| 25:35 | Create | Spearman |
| 25:36 | Create | Spearman |
| 25:36 | Create | Spearman |
| 25:36 | Create | Spearman |
| 25:36 | Create | Spearman |
Build order — Nicoco
118 actions detected in the replay
| 0:05 | Create | Villager (Male) |
| 0:06 | Research | Loom |
| 0:06 | Create | Villager (Male) |
| 0:06 | Create | Villager (Male) |
| 0:29 | Build | House |
| 1:16 | Create | Villager (Male) |
| 1:16 | Create | Villager (Male) |
| 1:57 | Create | Villager (Male) |
| 2:36 | Create | Villager (Male) |
| 2:36 | Create | Villager (Male) |
| 3:01 | Create | Villager (Male) |
| 3:09 | Build | House |
| 3:10 | Build | House |
| 3:22 | Create | Villager (Male) |
| 4:07 | Create | Villager (Male) |
| 4:12 | Build | House |
| 4:33 | Create | Villager (Male) |
| 4:33 | Create | Villager (Male) |
| 4:47 | Build | Mill |
| 5:25 | Create | Villager (Male) |
| 5:26 | Create | Villager (Male) |
| 6:12 | Create | Villager (Male) |
| 6:12 | Create | Villager (Male) |
| 6:13 | Create | Villager (Male) |
| 6:38 | Create | Villager (Male) |
| 7:00 | Build | House |
| 7:50 | Build | Lumber Camp |
| 8:28 | Create | Villager (Male) |
| 9:37 | Research | Feudal Age |
| 9:54 | Build | Barracks |
| 10:30 | Create | Villager (Male) |
| 10:30 | Create | Villager (Male) |
| 11:47 | Age | Feudal Age |
| 11:59 | Build | Mining Camp |
| 12:06 | Research | Double-Bit Axe |
| 12:30 | Build | Farm |
| 12:31 | Build | Farm |
| 12:33 | Build | Farm |
| 12:35 | Build | Farm |
| 12:39 | Build | Farm |
| 12:46 | Create | Spearman |
| 12:46 | Create | Spearman |
| 12:46 | Create | Spearman |
| 13:01 | Create | Villager (Male) |
| 13:01 | Create | Villager (Male) |
| 13:01 | Create | Villager (Male) |
| 13:09 | Build | House |
| 13:18 | Build | Farm |
| 13:44 | Build | Watch Tower |
| 13:50 | Build | Farm |
| 13:53 | Build | Farm |
| 13:59 | Build | House |
| 14:17 | Build | Farm |
| 14:42 | Build | House |
| 14:51 | Build | Farm |
| 14:54 | Create | Villager (Male) |
| 14:54 | Create | Villager (Male) |
| 14:58 | Research | Gold Mining |
| 15:09 | Create | Spearman |
| 15:09 | Create | Spearman |
| 15:09 | Create | Spearman |
| 15:31 | Create | Villager (Male) |
| 15:31 | Create | Villager (Male) |
| 15:45 | Build | Farm |
| 15:50 | Build | Farm |
| 15:57 | Create | Villager (Male) |
| 16:32 | Create | Villager (Male) |
| 16:46 | Create | Villager (Male) |
| 17:13 | Build | Farm |
| 17:51 | Build | Blacksmith |
| 17:56 | Build | Stable |
| 18:09 | Create | Villager (Male) |
| 18:24 | Build | House |
| 18:53 | Research | Castle Age |
| 18:53 | Research | Castle Age |
| 19:07 | Build | Stable |
| 19:14 | Build | Stable |
| 19:18 | Create | Villager (Male) |
| 19:31 | Build | House |
| 19:49 | Build | Mining Camp |
| 20:13 | Build | Farm |
| 20:15 | Create | Villager (Male) |
| 20:15 | Create | Villager (Male) |
| 20:36 | Create | Spearman |
| 20:36 | Create | Spearman |
| 20:37 | Create | Spearman |
| 20:54 | Build | House |
| 21:33 | Age | Castle Age |
| 21:37 | Create | Knight |
| 21:37 | Create | Knight |
| 21:38 | Create | Knight |
| 21:40 | Research | Wheelbarrow |
| 21:58 | Create | Knight |
| 21:58 | Create | Knight |
| 21:58 | Create | Knight |
| 22:08 | Build | Siege Workshop |
| 22:24 | Build | House |
| 22:32 | Create | Knight |
| 22:32 | Create | Knight |
| 22:32 | Create | Knight |
| 22:48 | Research | Scale Barding Armor |
| 23:11 | Build | Town Center |
| 23:25 | Create | Battering Ram |
| 23:29 | Create | Knight |
| 23:30 | Create | Knight |
| 23:36 | Create | Spearman |
| 23:38 | Create | Spearman |
| 23:40 | Create | Villager (Male) |
| 23:53 | Create | Villager (Male) |
| 24:07 | Create | Battering Ram |
| 24:17 | Create | Spearman |
| 24:23 | Research | Scale Mail Armor |
| 24:27 | Create | Villager (Male) |
| 24:41 | Build | House |
| 24:44 | Build | House |
| 25:01 | Research | Pikeman (upgrade) |
| 25:31 | Create | Knight |
| 25:34 | Create | Villager (Male) |
Build order — Kurodo!
92 actions detected in the replay
| 0:12 | Research | Loom |
| 0:18 | Build | House |
| 0:19 | Build | House |
| 1:18 | Create | Villager (Male) |
| 2:18 | Create | Villager (Male) |
| 2:18 | Create | Villager (Male) |
| 2:54 | Create | Villager (Male) |
| 3:29 | Build | Lumber Camp |
| 3:37 | Create | Villager (Male) |
| 3:37 | Create | Villager (Male) |
| 4:20 | Create | Villager (Male) |
| 4:20 | Create | Villager (Male) |
| 4:35 | Create | Villager (Male) |
| 4:35 | Create | Villager (Male) |
| 4:35 | Create | Villager (Male) |
| 5:23 | Create | Villager (Male) |
| 5:23 | Create | Villager (Male) |
| 6:47 | Create | Villager (Male) |
| 6:50 | Create | Villager (Male) |
| 6:50 | Create | Villager (Male) |
| 6:59 | Create | Villager (Male) |
| 7:04 | Create | Villager (Male) |
| 7:21 | Build | Mill |
| 8:44 | Build | Barracks |
| 8:47 | Create | Villager (Male) |
| 9:14 | Build | Mining Camp |
| 9:32 | Create | Villager (Male) |
| 9:42 | Build | House |
| 9:45 | Build | House |
| 9:59 | Build | Palisade Wall |
| 10:29 | Research | Feudal Age |
| 10:46 | Build | House |
| 10:48 | Build | House |
| 11:14 | Build | Mill |
| 12:14 | Build | Mining Camp |
| 12:25 | Create | Villager (Male) |
| 12:26 | Create | Villager (Male) |
| 12:39 | Age | Feudal Age |
| 12:40 | Create | Villager (Male) |
| 12:41 | Research | Double-Bit Axe |
| 12:57 | Build | Stone Wall |
| 13:12 | Create | Spearman |
| 13:13 | Create | Spearman |
| 13:18 | Create | Villager (Male) |
| 13:45 | Create | Villager (Male) |
| 14:25 | Create | Militia |
| 14:26 | Create | Militia |
| 14:26 | Create | Militia |
| 14:38 | Build | Barracks |
| 14:45 | Create | Villager (Male) |
| 14:45 | Create | Villager (Male) |
| 14:50 | Build | Farm |
| 15:12 | Create | Militia |
| 15:41 | Create | Militia |
| 15:42 | Create | Militia |
| 15:51 | Build | Blacksmith |
| 16:03 | Create | Villager (Male) |
| 16:04 | Create | Villager (Male) |
| 16:04 | Create | Villager (Male) |
| 16:20 | Create | Militia |
| 16:20 | Create | Militia |
| 16:23 | Research | Man-at-Arms (upgrade) |
| 16:55 | Build | Mining Camp |
| 17:23 | Build | Stone Wall |
| 17:42 | Build | Farm |
| 17:43 | Build | Farm |
| 17:43 | Build | Farm |
| 17:44 | Build | Farm |
| 17:47 | Create | Villager (Male) |
| 17:47 | Create | Villager (Male) |
| 17:48 | Create | Villager (Male) |
| 18:02 | Create | Militia |
| 18:02 | Create | Militia |
| 18:44 | Build | Lumber Camp |
| 19:17 | Research | Scale Mail Armor |
| 19:31 | Build | Farm |
| 19:46 | Create | Villager (Male) |
| 19:46 | Create | Villager (Male) |
| 20:15 | Build | Farm |
| 20:42 | Create | Villager (Male) |
| 20:42 | Create | Villager (Male) |
| 20:59 | Build | Market |
| 21:02 | Create | Villager (Male) |
| 21:13 | Build | Farm |
| 21:37 | Build | Farm |
| 21:59 | Create | Villager (Male) |
| 21:59 | Create | Villager (Male) |
| 22:06 | Create | Villager (Male) |
| 23:58 | Research | Castle Age |
| 24:06 | Build | Lumber Camp |
| 25:28 | Create | Villager (Male) |
| 25:28 | Create | Villager (Male) |
Match timeline
| 8:44 | Kurodo! · first_building Barracks |
| 9:52 | Tony Caluga · age_up feudal |
| 9:54 | Nicoco · first_building Barracks |
| 9:59 | Kurodo! · wall_segment Palisade Wall x14 |
| 11:47 | Nicoco · age_up feudal |
| 12:37 | vieiliguane · first_building Donjon |
| 12:39 | Kurodo! · age_up feudal |
| 12:57 | Kurodo! · wall_segment Stone Wall x27 |
| 15:08 | Tony Caluga · first_building Barracks |
| 17:23 | Kurodo! · wall_segment Stone Wall x1 |
| 17:56 | Nicoco · first_building Stable |
| 18:47 | Tony Caluga · first_building Archery Range |
| 19:21 | vieiliguane · first_building Barracks |
| 21:21 | Tony Caluga · age_up castle |
| 21:33 | Nicoco · age_up castle |
| 21:35 | vieiliguane · first_building Stable |
| 21:56 | Kurodo! · tribute_sent a jugador 1 |
| 21:56 | Kurodo! · tribute_sent a jugador 2 |
| 21:56 | Kurodo! · tribute_sent a jugador 3 |
| 22:06 | Tony Caluga · first_building Siege Workshop |
| 22:08 | Nicoco · first_building Siege Workshop |
| 23:01 | Tony Caluga · first_market_buy 100 wood |
| 23:04 | Tony Caluga · first_market_sell 100 food |
| 23:38 | Kurodo! · first_market_buy 100 food |
| 25:47 | Tony Caluga · resign |
[ AI ANALYSIS · 1 CREDIT ]
What really happened in this match?
Wolo.gg analyzes every decision: build order, eco, micro, common mistakes by bracket. Personalized analysis on WhatsApp or Discord in 30 seconds.
Civ guide
Mapuche
Map guide
Arabia
Perfil
Jugador #4512713